 Dungeon Crawl Stone Soup version 0.28.0-49-g6dfe1f597d (webtiles) character file.

Game seed: 13748501168048932267

14 Exodus22XD the Sneak (level 2, -3/15 HPs)
             Began as a Kobold Enchanter on May 15, 2022.
             Slain by a worm (10 damage)
             ... on level 2 of the Dungeon.
             The game lasted 00:00:48 (1570 turns).

Exodus22XD the Sneak (Kobold Enchanter)             Turns: 1570, Time: 00:00:48

Health: -3/15      AC:  3    Str:  5    XL:     2   Next: 55%
Magic:  5/5        EV: 15    Int: 16    God:
Gold:   31         SH:  0    Dex: 15    Spells: 5/5 levels left

rFire   . . .      SeeInvis .   a - +1 dagger
rCold   . . .      Faith    .   (no shield)
rNeg    . . .      Spirit   .   b - +0 robe
rPois   .          Reflect  .   (no helmet)
rElec   .          Harm     .   (no cloak)
rCorr   .          Rampage  .   (no gloves)
Will    .....                   e - +0 pair of boots
Stlth   ++++......              (no amulet)
HPRegen 0.05/turn               (no ring)
MPRegen 0.09/turn               (no ring)

@: no status effects
A: small, no large weapons, nightstalker 3
a: no special abilities


You were on level 2 of the Dungeon.
You visited 1 branch of the dungeon, and saw 2 of its levels.

You collected 31 gold pieces.

Inventory:

Hand Weapons
 a - a +1 dagger (weapon)
Armour
 b - a +0 robe (worn)
 e - a +0 pair of boots (worn)
Scrolls
 d - 2 scrolls of identify {unknown}
Potions
 c - 2 potions of invisibility
 f - a potion of lignification {unknown}


   Skills:
 - Level 1.3 Short Blades
 - Level 2.4 Dodging
 + Level 5.2 Stealth
 - Level 2.1 Spellcasting
 - Level 3.0 Hexes


You had 5 spell levels left.
You didn't know any spells.
Your spell library contained the following spells:

 Spells                   Type           Power      Damage    Failure   Level
 Ensorcelled Hibernation  Hex/Ice        12%        N/A       17%         2
 Confusing Touch          Hex            11%        N/A       19%         3
 Tukima's Dance           Hex            11%        N/A       19%         3
 Corpse Rot               Necr/Air       2%         N/A       30%         2
 Poisonous Vapours        Pois/Air       2%         N/A       30%         2
 Dazzling Flash           Conj/Hex       12%        N/A       32%         3


Dungeon Overview and Level Annotations

Branches:
Dungeon (2/15)

Altars:


Innate Abilities, Weirdness & Mutations

You are small and have problems with some larger weapons.
You are completely attuned to the shadows.


Message History

A rat is nearby!
A rat is nearby!
The helpless rat fails to defend itself.
You impale the rat!!
You kill the rat!
You see here a rat corpse.
Found a stone staircase leading down.
No target in view!
You now have 31 gold pieces (gained 7).
A worm comes into view.
A worm is nearby!
The worm bites you but does no damage.
A worm is nearby!
You hit the worm but do no damage. The worm bites you.
A worm is nearby!
You hit the worm.
The worm is lightly wounded.
A worm is nearby!
You hit the worm.
The worm is moderately wounded.
The worm bites you!
A worm is nearby!
A worm is nearby!
You are too injured to fight recklessly!
A worm is nearby!
You are too injured to fight recklessly!
You are too injured to fight recklessly!
A worm is nearby!
You are too injured to fight recklessly!
A worm is nearby!
You are too injured to fight recklessly!
You don't know any spells.
Sorry, you're not good enough to have a special ability.
You hit the worm.
The worm is moderately wounded.
You hit the worm.
The worm is heavily wounded.
The worm bites you!
Ouch! That really hurt!
You die...

.......# .......#
######### .......#
#.......#
...w..######.#.#.#.#
#@..........#.#†#
#.#######.###...##
#.#.......##.....#
#.#..............#
#.#.......##.....#
#.........###...##
###.......# ##.##
#.......# #>###
#...>...# #...#


You could see a worm.

Vanquished Creatures
  An endoplasm (D:2)
  A giant cockroach (D:1)
  A hobgoblin (D:1)
  A quokka (D:1)
  3 ball pythons (D:1)
  2 bats (D:1)
  A kobold (D:1)
  5 rats
15 creatures vanquished.

Notes
Turn   | Place    | Note
-------+----------+-------------------------------------------
     0 | D:1      | Exodus22XD the Kobold Enchanter began the quest for the
                  | Orb.
     0 | D:1      | Reached XP level 1. HP: 10/10 MP: 3/3
   478 | D:1      | Reached XP level 2. HP: 15/15 MP: 5/5
   569 | D:1      | Reached skill level 5 in Stealth
  1570 | D:2      | Slain by a worm

Illustrated notes

Levels and vault maps discovered:
D:1:      mrwooster_arrival_statue, layout_basic, amcnicky_mini_corridor_feature
D:2:      layout_loops_cross, hellmonk_ecumenical_altar_arch_garden,
          serial_shops, nicolae_shop_waterfront, minmay_rat_hole

Skill      XL: |  1  2 |
---------------+-------+-----
Stealth        | 5 |  5.2
Short Blades   | |  1.3
Dodging        | |  2.4
Spellcasting   | |  2.1
Hexes          | |  3.0

Action                   || total
-------------------------++-------
Melee: Dagger            ||    65
       Punch             ||     1
 Stab: Sleeping          ||     8
Armor: Robe              ||     8
Dodge: Dodged            ||    42
